 Dungeon Crawl Stone Soup version 0.28-a0-612-gcfc00ec14d (webtiles) character file.

Game seed: 2977923762399435533

70 kae the Insei (level 4, -2/36 HPs)
             Began as a Draconian Transmuter on Oct 5, 2021.
             Slain by Natasha (8 damage)
             ... on level 2 of the Dungeon.
             The game lasted 00:00:36 (1103 turns).

kae the Insei (Draconian Transmuter)                Turns: 1103, Time: 00:00:37

Health: -2/36      AC:  5    Str: 12    XL:     4   Next: 4%
Magic:  7/7        EV: 12    Int: 14    God:
Gold:   57         SH:  0    Dex: 12    Spells: 6/7 levels left

rFire   . . .      SeeInvis .   c - +1 hand axe (flame)
rCold   . . .      Faith    .   (no shield)
rNeg    . . .      Spirit   .   (armour unavailable)
rPois   .          Reflect  .   (helmet restricted)
rElec   .          Harm     .   (no cloak)
rCorr   .          Rampage  .   (no gloves)
Will    .....                   (no boots)
Stlth   +.........              (no amulet)
HPRegen 0.12/turn               (no ring)
MPRegen 0.10/turn               (no ring)

@: no status effects
A: AC +5, unfitting armour, cold-blooded
a: no special abilities


You were on level 2 of the Dungeon.
You visited 1 branch of the dungeon, and saw 2 of its levels.

You collected 57 gold pieces.

Inventory:

Hand Weapons
 c - a +1 hand axe of flaming (weapon)
Scrolls
 a - a scroll of teleportation {unknown}
 b - 3 scrolls of identify {unknown}
Potions
 d - a potion of curing
 e - a potion of flight {unknown}
 f - a potion of brilliance {unknown}


   Skills:
 + Level 2.1 Fighting
 - Level 1.7 Dodging
 * Level 3.9 Unarmed Combat
 + Level 2.4 Spellcasting
 + Level 2.6 Transmutations


You had 6 spell levels left.
You knew the following spells:

 Your Spells              Type           Power      Damage    Failure   Level
a - Beastly Appendage     Tmut           18%        N/A       8%          1

Your spell library contained the following spells:

 Spells                   Type           Power      Damage    Failure   Level
 Wereblood                Tmut           9%         N/A       12%         2
 Spider Form              Tmut/Pois      2%         N/A       38%         3
 Ice Form                 Ice/Tmut       5%         N/A       80%         4


Dungeon Overview and Level Annotations

Branches:
Dungeon (2/15)

Altars:

Annotations:
D:2 Natasha


Innate Abilities, Weirdness & Mutations

Your plain brown scales are hard. (AC +5)
You cannot fit into any form of body armour.
You are cold-blooded and may be slowed by cold attacks.


Message History

You hit Natasha but do no damage. You claw Natasha.
Natasha is heavily wounded.
You hit the adder. You burn the adder. You barely miss the crimson imp.
You feel sick. The adder bites you.
You are more poisoned.
The adder poisons you! Natasha barely misses you.
The crimson imp barely misses you. The adder bites you.
* * * LOW HITPOINT WARNING * * *
You barely miss the adder. Your kick misses the adder.
Your headbutt misses the adder.
Your tail-slap misses the adder.
The adder is almost dead.
You closely miss Natasha. You miss the crimson imp.
You feel sick. Natasha casts a spell at you.
You resist with significant effort. The crimson imp closely misses you.
The adder closely misses you.
Natasha casts a spell.
It was a potion of curing.
You feel better.
Your horns disappear.
Your talons disappear.
The adder bites you. The crimson imp hits you.
* * * LOW HITPOINT WARNING * * *
The adder bites you.
* * * LOW HITPOINT WARNING * * *
Natasha misses you.
You closely miss Natasha.
Natasha is heavily wounded.
You hit the adder. You burn the adder.
You kill the adder!
You barely miss the crimson imp.
The crimson imp disappears in a puff of smoke!
Natasha barely misses you. The shadow imp gestures at you.
Pain shoots through your body!
* * * LOW HITPOINT WARNING * * *
You have reached level 4!
You feel agile.
Okay, then.
You hit Natasha. You burn Natasha.
Natasha is almost dead.
Natasha claws you!
You die...

#.#.#.....####
#.#.......#
#.###.....#
#.###))..##
#######.#...#.##
#######.......#.###.#
........#######.# #.#
....####...## #<# #.#
## #..@..# #.# #.#
#..ยง5h..##.# #.#
...........##.# #.#
#..<..........# #.#
#..............
#...#.....#####
#...##...## ... ##!##


You could see Natasha and a shadow imp (summoned).

Vanquished Creatures
  Jessica (D:2)
  An adder (D:2)
  4 ball pythons
  3 endoplasms
  2 giant cockroaches (D:1)
  3 hobgoblins (D:1)
  4 jackals (D:1)
  A quokka (D:1)
  3 bats
  4 goblins
  A kobold (D:1)
  5 rats
32 creatures vanquished.

Notes
Turn   | Place    | Note
-------+----------+-------------------------------------------
     0 | D:1      | kae the Draconian Transmuter began the quest for the Orb.
     0 | D:1      | Reached XP level 1. HP: 16/16 MP: 3/3
    41 | D:1      | Found a faded altar of an unknown god.
   301 | D:1      | Reached XP level 2. HP: 20/23 MP: 3/5
   810 | D:2      | Noticed Jessica
   816 | D:2      | Reached XP level 3. HP: 26/29 MP: 4/6
   816 | D:2      | Killed Jessica
  1089 | D:2      | Noticed Natasha
  1103 | D:2      | Reached XP level 4. HP: 6/36 MP: 7/7
  1103 | D:2      | Slain by Natasha

Illustrated notes

Levels and vault maps discovered:
D:1:      saegor_arrival_miasma, layout_basic,
          hellmonk_ecumenical_altar_heavens_door, minmay_fountain_box
D:2:      layout_loops_ring, minivault_26, uniq_natasha, uniq_jessica,
          uniq_robin

Skill      XL: |  1  2  3 |
---------------+----------+-----
Fighting       | 2 |  2.1
Dodging        | |  1.7
Unarmed Combat | |  3.9
Spellcasting   | |  2.4
Transmutations | |  2.6

Action                   |  1- 3 |  4- 6 || total
-------------------------+-------+-------++-------
Melee: Unarmed           |    46 |       ||    46
       Kick              |    13 |       ||    13
       Headbutt          |     6 |       ||     6
       Tailslap          |     4 |       ||     4
       Hand axe          |    41 |     1 ||    42
       Punch             |     1 |       ||     1
 Cast: Beastly Appendage |    15 |       ||    15
  Use: Potion            |     1 |       ||     1
Armor: Skin              |    40 |       ||    40
Dodge: Dodged            |    97 |       ||    97

Table legend: (Time is in decaauts)
 A = Elapsed time spent in this place.
 B = Non-inter-level travel time spent in this place.
 C = Inter-level travel time spent in this place.
 D = Time resting spent in this place.
 E = Time spent auto-exploring this place.
 F = Levels seen in this place.
 G = Mean time per level.
                   A        B        C        D        E       F      G
               +--------+--------+--------+--------+--------+-----+--------+
         Total |   1114 |   1103 |     11 |      0 |    895 |   2 |  557.0 |
       Dungeon |   1114 |   1103 |     11 |      0 |    895 |   2 |  557.0 |
               +--------+--------+--------+--------+--------+-----+--------+

Top non-repeatable levels by time:
     D:1: 808 daAuts
     D:2: 306 daAuts
